| TOP OF THE 1ST |
|
Durango Desert Dogs batting - Pitching for Punta Cana Cocos : RHP John Violette
|
|
Pitching: RHP John Violette
|
|
|
Batting: RHB Dave C Anderson
|
0-0: Foul Ball, location: 2F 0-1: Ball 1-1: Ball 2-1: Fly out, F8 (Flyball, 8LD, EV 83.1 MPH)
|
|
Batting: RHB Rusty Tillman
|
0-0: Ball 1-0: Ball 2-0: Called Strike 2-1: Ball 3-1: Base on Balls
|
|
Batting: SHB Tony Phillips
|
0-0: Ball 1-0: Ball 2-0: Ball 3-0: Base on Balls Rusty Tillman to second
|
|
Batting: SHB Mike D Young
|
0-0: Ball 1-0: Called Strike 1-1: Called Strike 1-2: Ball 2-2: Fly out, F9 (Flyball, 9LM, EV 98.1 MPH) Runner from 2nd tags up, SAFE at 3rd, no throw by RF
|
|
Batting: LHB Greg Brock
|
0-0: Ball 1-0: Ball 2-0: Called Strike 2-1: Foul Ball, location: 2F 2-2: Fly out, F4 (Flyball, 4D, EV 74.4 MPH)
|
| Top of the 1st over - 0 runs, 0 hits, 0 errors, 2 left on base; Durango 0 - Punta Cana 0 |
| BOTTOM OF THE 1ST |
|
Punta Cana Cocos batting - Pitching for Durango Desert Dogs : RHP Douglas Mathey
|
|
Pitching: RHP Douglas Mathey
|
|
|
Batting: LHB Mike Cole
|
0-0: Foul Ball, location: 2F 0-1: Ball 1-1: Foul Ball, location: 2F 1-2: Ball 2-2: Ground out 4-3 (Groundball, 4M, EV 81.9 MPH)
|
|
Batting: RHB Julio Acevedo
|
0-0: Ball 1-0: Called Strike 1-1: Swinging Strike 1-2: Strikes out swinging
|
|
Batting: RHB Jesse Vann
|
0-0: Called Strike 0-1: Ball 1-1: Foul Ball, location: 2F 1-2: Ball 2-2: Ball 3-2: SINGLE (Line Drive, 89M, EV 104.4 MPH)
|
|
Batting: RHB Tony Brewer
|
0-0: Ball 1-0: Called Strike Pickoff Throw by Catcher to First - Out!
|
| Bottom of the 1st over - 0 runs, 1 hit, 0 errors, 0 left on base; Durango 0 - Punta Cana 0 |
| TOP OF THE 2ND |
|
Durango Desert Dogs batting - Pitching for Punta Cana Cocos : RHP John Violette
|
|
Batting: RHB John Guarino
|
0-0: Ball 1-0: Ball 2-0: Ball 3-0: Base on Balls
|
|
Batting: LHB Randy S Johnson
|
0-0: Ball 1-0: Called Strike 1-1: Fly out, F8 (Flyball, 8LXD, EV 79.4 MPH)
|
|
Batting: SHB Dale Sveum
|
0-0: SINGLE (Groundball, 6D, EV 108.8 MPH) John Guarino to second
|
|
Batting: LHB Dan Graham
|
0-0: Ball 1-0: SINGLE (Groundball, 4MD, EV 104.4 MPH) John Guarino to third Dale Sveum to second Runner from 3rd tries for Home, SAFE, throw by CF to home
|
|
Batting: RHB Dave C Anderson
|
0-0: Called Strike 0-1: Ball 1-1: Ball 2-1: Called Strike 2-2: Ball 3-2: Strikes out swinging
|
|
Batting: RHB Rusty Tillman
|
0-0: Ball 1-0: SINGLE (Groundball, 34D, EV 93.8 MPH) Dale Sveum to third Dan Graham to second Runner from 3rd tries for Home, SAFE, throw by RF to home
|
|
Batting: SHB Tony Phillips
|
0-0: Ball 1-0: Ball 2-0: Ball 3-0: SINGLE (Flyball, 5D, EV 83.1 MPH) Dan Graham to third Rusty Tillman to second Runner from 3rd tries for Home, SAFE, throw by LF to home
|
|
Batting: SHB Mike D Young
|
0-0: Ball Tony Phillips steals 2nd base (no throw) Rusty Tillman steals 3rd base 1-0: 3-RUN HOME RUN (Flyball, 89XD, EV 106.3 MPH), Distance : 436 ft
|
|
Batting: LHB Greg Brock
|
0-0: Ball 1-0: Called Strike 1-1: Called Strike 1-2: SINGLE (Flyball, 7LS, EV 95.0 MPH)
|
|
Batting: RHB John Guarino
|
0-0: Swinging Strike 0-1: Ball 1-1: Foul Ball, location: 2F 1-2: Ball 2-2: Ball 3-2: Strikes out swinging
|
| Top of the 2nd over - 6 runs, 6 hits, 0 errors, 1 left on base; Durango 6 - Punta Cana 0 |
| BOTTOM OF THE 2ND |
|
Punta Cana Cocos batting - Pitching for Durango Desert Dogs : RHP Douglas Mathey
|
|
Batting: RHB Tony Brewer
|
0-0: Called Strike 0-1: Swinging Strike 0-2: Ball 1-2: Foul Ball, location: 2F 1-2: Strikes out looking
|
|
Batting: LHB Dan Murphy
|
0-0: Ball 1-0: Called Strike 1-1: Foul Ball, location: 2F 1-2: DOUBLE (Flyball, 8LXD, EV 108.8 MPH)
|
|
Batting: RHB Darrell Miller
|
0-0: Called Strike 0-1: Ball 1-1: Swinging Strike 1-2: Strikes out swinging
|
|
Batting: RHB Barry Brunenkant
|
0-0: Ball 1-0: Called Strike 1-1: Fly out, F3 (Popup, 34, EV 70.6 MPH)
|
| Bottom of the 2nd over - 0 runs, 1 hit, 0 errors, 1 left on base; Durango 6 - Punta Cana 0 |
| TOP OF THE 3RD |
|
Durango Desert Dogs batting - Pitching for Punta Cana Cocos : RHP John Violette
|
|
Batting: LHB Randy S Johnson
|
0-0: Ball 1-0: Ball 2-0: TRIPLE (Flyball, 7LD, EV 94.4 MPH)
|
|
Batting: SHB Dale Sveum
|
0-0: Ball Passed Ball! Randy S Johnson scores 1-0: Ball 2-0: Fly out, F7 (Line Drive, 7, EV 106.3 MPH)
|
|
Batting: LHB Dan Graham
|
0-0: Ball 1-0: Called Strike 1-1: Fly out, F6 (Popup, 6MS, EV 81.9 MPH)
|
|
Batting: RHB Dave C Anderson
|
0-0: Foul Ball, location: 2F 0-1: Foul Ball, location: 2F 0-2: Strikes out looking
|
| Top of the 3rd over - 1 run, 1 hit, 0 errors, 0 left on base; Durango 7 - Punta Cana 0 |
| BOTTOM OF THE 3RD |
|
Punta Cana Cocos batting - Pitching for Durango Desert Dogs : RHP Douglas Mathey
|
|
Batting: RHB Tom Roarke
|
0-0: Called Strike 0-1: Ball 1-1: Swinging Strike 1-2: Foul Ball, location: 2F 1-2: Ball 2-2: Foul Ball, location: 2F 2-2: Fly out, F8 (Flyball, 8LS, EV 94.4 MPH)
|
|
Batting: RHB Cliff Wherry
|
0-0: Foul Ball, location: 2F 0-1: Ball 1-1: Called Strike 1-2: Foul Ball, location: 2F 1-2: Ball 2-2: Ball 3-2: Foul Ball, location: 2F 3-2: Foul Ball, location: 2F 3-2: Strikes out swinging, 2-3 out at first.
|
|
Batting: LHB Mike Cole
|
0-0: Called Strike 0-1: Foul Ball, location: 2F 0-2: Foul Ball, location: 2F 0-2: Ball 1-2: Strikes out swinging
|
| Bottom of the 3rd over - 0 runs, 0 hits, 0 errors, 0 left on base; Durango 7 - Punta Cana 0 |
| TOP OF THE 4TH |
|
Durango Desert Dogs batting - Pitching for Punta Cana Cocos : RHP John Violette
|
|
Batting: RHB Rusty Tillman
|
0-0: Called Strike 0-1: Ground out 1-3 (Groundball, 15S, EV 64.4 MPH)
|
|
Batting: SHB Tony Phillips
|
0-0: Called Strike 0-1: Foul Ball, location: 2F 0-2: Strikes out swinging
|
|
Batting: SHB Mike D Young
|
0-0: Ball 1-0: DOUBLE (Line Drive, 89XD, EV 108.1 MPH)
|
|
Batting: LHB Greg Brock
|
0-0: Ball 1-0: Called Strike 1-1: Fly out, F9 (Flyball, 9, EV 85.6 MPH)
|
| Top of the 4th over - 0 runs, 1 hit, 0 errors, 1 left on base; Durango 7 - Punta Cana 0 |
| BOTTOM OF THE 4TH |
|
Punta Cana Cocos batting - Pitching for Durango Desert Dogs : RHP Douglas Mathey
|
|
Batting: RHB Julio Acevedo
|
0-0: Swinging Strike 0-1: Swinging Strike 0-2: Foul Ball, location: 2F 0-2: Strikes out swinging
|
|
Batting: RHB Jesse Vann
|
0-0: Ball 1-0: Ball 2-0: Ball 3-0: Base on Balls
|
|
Batting: RHB Tony Brewer
|
0-0: Swinging Strike 0-1: Ball 1-1: 2-RUN HOME RUN (Flyball, 78XD, EV 108.1 MPH), Distance : 445 ft
|
|
Batting: LHB Dan Murphy
|
0-0: Called Strike 0-1: Foul Ball, location: 2F 0-2: Foul Ball, location: 2F 0-2: Ball 1-2: SOLO HOME RUN (Flyball, 89XD, EV 91.3 MPH), Distance : 446 ft
|
|
Batting: RHB Darrell Miller
|
0-0: Called Strike 0-1: Ball 1-1: Foul Ball, location: 2F 1-2: Strikes out swinging
|
|
Batting: RHB Barry Brunenkant
|
0-0: Fly out, F8 (Flyball, 8RD, EV 100.6 MPH)
|
| Bottom of the 4th over - 3 runs, 2 hits, 0 errors, 0 left on base; Durango 7 - Punta Cana 3 |
| TOP OF THE 5TH |
|
Durango Desert Dogs batting - Pitching for Punta Cana Cocos : RHP John Violette
|
|
Batting: RHB John Guarino
|
0-0: Fly out, F7 (Flyball, 78M, EV 91.3 MPH)
|
|
Batting: LHB Randy S Johnson
|
0-0: Swinging Strike 0-1: Foul Ball, location: 2F 0-2: Ball 1-2: Ball 2-2: Strikes out looking
|
|
Batting: SHB Dale Sveum
|
0-0: Ball 1-0: SOLO HOME RUN (Flyball, 9D, EV 105.6 MPH), Distance : 392 ft
|
|
Pitching: RHP Ed Nunez
|
|
|
Batting: LHB Dan Graham
|
0-0: Foul Ball, location: 2F 0-1: Ball 1-1: Foul Ball, location: 2F 1-2: Ball 2-2: Fly out, F7 (Flyball, 78M, EV 87.5 MPH)
|
| Top of the 5th over - 1 run, 1 hit, 0 errors, 0 left on base; Durango 8 - Punta Cana 3 |
| BOTTOM OF THE 5TH |
|
Punta Cana Cocos batting - Pitching for Durango Desert Dogs : RHP Douglas Mathey
|
|
Batting: RHB Tom Roarke
|
0-0: Swinging Strike 0-1: Swinging Strike 0-2: Foul Ball, location: 2F 0-2: Foul Ball, location: 2F 0-2: Ball 1-2: Fly out, F9 (Flyball, 9LM, EV 89.4 MPH)
|
|
Batting: RHB Cliff Wherry
|
0-0: Swinging Strike 0-1: Ball 1-1: Foul Ball, location: 2F 1-2: Strikes out swinging
|
|
Batting: LHB Mike Cole
|
0-0: Ball 1-0: Foul Ball, location: 2F 1-1: Ground out 6-3 (Groundball, 6, EV 86.3 MPH)
|
| Bottom of the 5th over - 0 runs, 0 hits, 0 errors, 0 left on base; Durango 8 - Punta Cana 3 |
| TOP OF THE 6TH |
|
Durango Desert Dogs batting - Pitching for Punta Cana Cocos : RHP Ed Nunez
|
|
Batting: RHB Dave C Anderson
|
0-0: Called Strike 0-1: Foul Ball, location: 2F 0-2: Foul Ball, location: 2F 0-2: Foul Ball, location: 2F 0-2: Ground out 6-3 (Groundball, 6, EV 97.5 MPH)
|
|
Batting: RHB Rusty Tillman
|
0-0: Called Strike 0-1: Ball 1-1: Ball 2-1: Called Strike 2-2: Strikes out swinging
|
|
Batting: SHB Tony Phillips
|
0-0: Called Strike 0-1: Ball 1-1: Ball 2-1: Ball 3-1: Foul Ball, location: 2F 3-2: Foul Ball, location: 2F 3-2: SINGLE (Line Drive, 6MD, EV 103.8 MPH)
|
|
Batting: SHB Mike D Young
|
0-0: Ball Tony Phillips steals 2nd base 1-0: Ball 2-0: Ball 3-0: Base on Balls
|
|
Batting: LHB Greg Brock
|
0-0: Called Strike 0-1: Ball 1-1: Ball 2-1: Ball 3-1: Base on Balls Tony Phillips to third Mike D Young to second
|
|
Batting: RHB John Guarino
|
0-0: Called Strike 0-1: Called Strike 0-2: Foul Ball, location: 2F 0-2: Ball 1-2: Foul Ball, location: 2F 1-2: Fly out, F9 (Flyball, 9D, EV 88.8 MPH)
|
| Top of the 6th over - 0 runs, 1 hit, 0 errors, 3 left on base; Durango 8 - Punta Cana 3 |
| BOTTOM OF THE 6TH |
|
Punta Cana Cocos batting - Pitching for Durango Desert Dogs : RHP Douglas Mathey
|
|
Batting: RHB Julio Acevedo
|
0-0: Ground out 6-3 (Groundball, 6, EV 106.9 MPH)
|
|
Batting: RHB Jesse Vann
|
0-0: Ground out 3-1 (Groundball, 34S, EV 73.8 MPH)
|
|
Batting: RHB Tony Brewer
|
0-0: Ball 1-0: Foul Ball, location: 2F 1-1: Swinging Strike 1-2: Fly out, F7 (Flyball, 7D, EV 104.4 MPH)
|
| Bottom of the 6th over - 0 runs, 0 hits, 0 errors, 0 left on base; Durango 8 - Punta Cana 3 |
| TOP OF THE 7TH |
|
Durango Desert Dogs batting - Pitching for Punta Cana Cocos : RHP Ed Nunez
|
|
Batting: LHB Randy S Johnson
|
0-0: Called Strike 0-1: Ball 1-1: Called Strike 1-2: Ball 2-2: Strikes out swinging
|
|
Batting: SHB Dale Sveum
|
0-0: Fly out, F9 (Flyball, 89M, EV 83.1 MPH)
|
|
Batting: LHB Dan Graham
|
0-0: Foul Ball, location: 2F 0-1: Foul Ball, location: 2F 0-2: Fly out, F7 (Flyball, 7, EV 87.5 MPH)
|
| Top of the 7th over - 0 runs, 0 hits, 0 errors, 0 left on base; Durango 8 - Punta Cana 3 |
| BOTTOM OF THE 7TH |
|
Punta Cana Cocos batting - Pitching for Durango Desert Dogs : RHP Douglas Mathey
|
|
Batting: LHB Dan Murphy
|
0-0: Ball 1-0: Fly out, F8 (Flyball, 8LXD, EV 105.6 MPH)
|
|
Batting: RHB Darrell Miller
|
0-0: Called Strike 0-1: Foul Ball, location: 2F 0-2: Strikes out swinging
|
|
Batting: RHB Barry Brunenkant
|
0-0: Ball 1-0: Called Strike 1-1: Ball 2-1: Foul Ball, location: 2F 2-2: Ball 3-2: Base on Balls
|
|
Batting: RHB Tom Roarke
|
0-0: SINGLE (Line Drive, 4D, EV 102.5 MPH) Barry Brunenkant to second
|
|
Batting: RHB Cliff Wherry
|
0-0: Called Strike 0-1: Foul Ball, location: 2F 0-2: Ball 1-2: Foul Ball, location: 2F 1-2: Ball 2-2: Ball 3-2: SINGLE (Groundball, 15, EV 85.0 MPH) (infield hit) Barry Brunenkant to third Tom Roarke to second
|
|
Batting: LHB Mike Cole
|
0-0: Foul Ball, location: 2F 0-1: Ball 1-1: Swinging Strike 1-2: Strikes out swinging
|
| Bottom of the 7th over - 0 runs, 2 hits, 0 errors, 3 left on base; Durango 8 - Punta Cana 3 |
| TOP OF THE 8TH |
|
Durango Desert Dogs batting - Pitching for Punta Cana Cocos : RHP Ed Nunez
|
|
Pitching: RHP David Froelich
|
|
|
Batting: RHB Dave C Anderson
|
0-0: Swinging Strike 0-1: Foul Ball, location: 2F 0-2: Ball 1-2: Strikes out swinging
|
|
Batting: RHB Rusty Tillman
|
0-0: Called Strike 0-1: Swinging Strike 0-2: Ground out 6-3 (Groundball, 6, EV 90.0 MPH)
|
|
Batting: SHB Tony Phillips
|
0-0: Ball 1-0: Ball 2-0: Ball 3-0: Base on Balls
|
|
Batting: SHB Mike D Young
|
0-0: Ball 1-0: Ground out 4-3 (Groundball, 4S, EV 85.6 MPH)
|
| Top of the 8th over - 0 runs, 0 hits, 0 errors, 1 left on base; Durango 8 - Punta Cana 3 |
| BOTTOM OF THE 8TH |
|
Punta Cana Cocos batting - Pitching for Durango Desert Dogs : RHP Douglas Mathey
|
|
Batting: RHB Julio Acevedo
|
0-0: Ball 1-0: Foul Ball, location: 2F 1-1: Swinging Strike 1-2: Strikes out swinging
|
|
Batting: RHB Jesse Vann
|
0-0: Foul Ball, location: 2F 0-1: Ball 1-1: Ground out 4-3 (Groundball, 4M, EV 91.9 MPH)
|
|
Batting: RHB Tony Brewer
|
0-0: Foul Ball, location: 2F 0-1: Called Strike 0-2: Strikes out swinging
|
| Bottom of the 8th over - 0 runs, 0 hits, 0 errors, 0 left on base; Durango 8 - Punta Cana 3 |
| TOP OF THE 9TH |
|
Durango Desert Dogs batting - Pitching for Punta Cana Cocos : RHP David Froelich
|
|
Batting: LHB Greg Brock
|
0-0: Ball 1-0: Ball 2-0: Ball 3-0: Base on Balls
|
|
Batting: RHB John Guarino
|
0-0: SINGLE (Flyball, 34D, EV 85.0 MPH) Greg Brock to second
|
|
Batting: LHB Randy S Johnson
|
0-0: Ball 1-0: Reached on error, E6 (Groundball, 6, EV 83.8 MPH) Greg Brock to third John Guarino to second
|
|
Batting: SHB Dale Sveum
|
0-0: DOUBLE (Line Drive, 9LD, EV 105.6 MPH) Greg Brock scores John Guarino scores Randy S Johnson to third
|
|
Batting: LHB Dan Graham
|
0-0: SINGLE (Line Drive, 8LM, EV 95.6 MPH) Randy S Johnson scores Dale Sveum to third Runner from 3rd tries for Home, throw by CF and OUT! 8-2
|
|
Batting: RHB Dave C Anderson
|
0-0: Swinging Strike 0-1: Ball 1-1: Fly out, F8 (Line Drive, 8LM, EV 90.0 MPH)
|
|
Pitching: LHP Gary Grunsky
|
|
|
Batting: RHB Rusty Tillman
|
0-0: Ball 1-0: Foul Ball, location: 2F 1-1: Ball 2-1: Ball 3-1: Base on Balls Dan Graham to second
|
|
Batting: SHB Tony Phillips
|
0-0: Ball 1-0: DOUBLE (Flyball, 8RXD, EV 105.0 MPH) Dan Graham scores Rusty Tillman to third
|
|
Pinch Hitting: SHB Raul Gonzalez
|
0-0: Called Strike 0-1: Ball 1-1: Ball 2-1: Ground out 1-3 (Groundball, 34S, EV 72.5 MPH)
|
| Top of the 9th over - 4 runs, 4 hits, 1 error, 2 left on base; Durango 12 - Punta Cana 3 |
| BOTTOM OF THE 9TH |
|
Punta Cana Cocos batting - Pitching for Durango Desert Dogs : RHP Douglas Mathey
|
|
Now in RF: Joe Orsulak
|
|
|
Pinch Hitting: RHB Leo George
|
0-0: Called Strike 0-1: Swinging Strike 0-2: Foul Ball, location: 2F 0-2: Ball 1-2: Ball 2-2: Ball 3-2: Base on Balls
|
|
Batting: RHB Darrell Miller
|
0-0: Called Strike 0-1: Swinging Strike 0-2: Ball 1-2: Ball 2-2: Ball 3-2: Strikes out swinging
|
|
Batting: RHB Barry Brunenkant
|
0-0: Ball 1-0: Swinging Strike 1-1: Swinging Strike 1-2: Strikes out looking
|
|
Batting: RHB Tom Roarke
|
0-0: Ball 1-0: Foul Ball, location: 2F 1-1: Ground out 4-3 (Groundball, 34, EV 102.5 MPH)
|
| Bottom of the 9th over - 0 runs, 0 hits, 0 errors, 1 left on base; Durango 12 - Punta Cana 3 |
|